[ AOE2 MATCH · #482347897 ]
UnrankedArmenians vs Muisca
[ REPLAY ANALYSIS · EXTRACTED FROM THE RECORDED GAME ]
Feudal
10:58
Castle
23:01
Imperial
—
| APM avg | 67.5 |
| APM peak | 112 |
| eAPM avg | 39.3 |
| Villagers / military | 182 / 167 |
Focus
⚔️ 49.4% · 🌾 50.6%
Knight ×133 · Fishing Ship ×41 · Scout Cavalry ×27 · Spearman ×5 · Warrior Priest ×2
Feudal
9:24
Castle
24:26
Imperial
34:43
| APM avg | 85.7 |
| APM peak | 188 |
| eAPM avg | 58.6 |
| Villagers / military | 123 / 83 |
Focus
⚔️ 70.4% · 🌾 29.6%
Archer ×66 · Fishing Ship ×23 · Unknown (2626) ×21 · Fire Galley ×14 · Trebuchet (Packed) ×3
Feudal
10:48
Castle
17:13
Imperial
32:34
| APM avg | 86.0 |
| APM peak | 136 |
| eAPM avg | 44.4 |
| Villagers / military | 183 / 153 |
Focus
⚔️ 61.5% · 🌾 38.5%
Cavalry Archer ×143 · Fishing Ship ×21 · Battering Ram ×7 · Scout Cavalry ×3 · Trade Cart ×1
Feudal
9:51
Castle
28:46
Imperial
—
| APM avg | 65.4 |
| APM peak | 111 |
| eAPM avg | 35.1 |
| Villagers / military | 103 / 35 |
Focus
⚔️ 54.0% · 🌾 46.0%
Unknown (2626) ×32 · Monk ×12 · Galley ×11 · Fishing Ship ×7 · Fire Galley ×6 · Demolition Raft ×5
Feudal
10:01
Castle
20:46
Imperial
—
| APM avg | 67.5 |
| APM peak | 103 |
| eAPM avg | 41.0 |
| Villagers / military | 186 / 90 |
Focus
⚔️ 50.8% · 🌾 49.2%
Fishing Ship ×45 · Unknown (2626) ×36 · Fire Galley ×25 · Ratha (Ranged) ×25 · Monk ×20 · Galley ×11
Feudal
11:21
Castle
15:16
Imperial
34:19
| APM avg | 78.3 |
| APM peak | 124 |
| eAPM avg | 37.0 |
| Villagers / military | 155 / 112 |
Focus
⚔️ 49.7% · 🌾 50.3%
Conquistador ×107 · Fishing Ship ×18 · Trebuchet (Packed) ×3 · Missionary ×2
Feudal
9:49
Castle
24:29
Imperial
—
| APM avg | 74.0 |
| APM peak | 175 |
| eAPM avg | 30.8 |
| Villagers / military | 96 / 55 |
Focus
⚔️ 39.8% · 🌾 60.2%
Archer ×41 · Unknown (2626) ×19 · Fire Galley ×8 · Fishing Ship ×5 · Mangonel ×4 · Battering Ram ×2
Feudal
9:43
Castle
21:25
Imperial
—
| APM avg | 58.8 |
| APM peak | 88 |
| eAPM avg | 30.5 |
| Villagers / military | 171 / 126 |
Focus
⚔️ 41.4% · 🌾 58.6%
Steppe Lancer ×93 · Fishing Ship ×42 · Scout Cavalry ×30 · Spearman ×3
Match map
Initial resources + every placement click. Lines = walls · curves = elevation contours. ◆ gold · ⬟ stone · ● berries · ✦ relic · ◌ wall gap
Your base· Open — 6t gap
Oni.Vinchester's base· ✓ Closed at 24:26 · 49t walls · 1 gate(s)
Oni.dogao's base· Open — unwalled flank
wR.ACCM's base· ✓ Closed at 28:46 · 38t walls · no gate
Oni.FreakinAndy's base· ✓ Closed at 20:46 · 16t walls · 2 gate(s)
Oni.TaToH's base· Open — unwalled flank
Oni.Kingstone's base· ✓ Closed at 24:29 · 56t walls · no gate
Oni.miguel's base· ✓ Closed at 21:25 · 2t walls · no gate
Smoothed initial terrain · ◌ = detected wall gap · hover for details
Inputs per minute
— Oni.Lewis - - Oni.Vinchester
Build order — Oni.Lewis
First 150 of 521 actions detected
| 0:00 | Create | Villager (Male) |
| 0:01 | Create | Villager (Male) |
| 0:01 | Build | House |
| 0:03 | Build | House |
| 0:05 | Create | Villager (Male) |
| 0:08 | Create | Villager (Male) |
| 1:16 | Create | Villager (Male) |
| 1:16 | Create | Villager (Male) |
| 1:33 | Build | Mule Cart |
| 1:49 | Create | Villager (Male) |
| 2:24 | Create | Villager (Male) |
| 2:54 | Create | Villager (Male) |
| 3:17 | Create | Villager (Male) |
| 3:39 | Research | Loom |
| 3:40 | Research | Loom |
| 3:48 | Create | Villager (Male) |
| 3:51 | Build | House |
| 3:52 | Build | House |
| 3:52 | Build | Palisade Wall |
| 4:19 | Create | Villager (Male) |
| 4:35 | Build | Dock |
| 4:52 | Create | Villager (Male) |
| 4:53 | Create | Villager (Male) |
| 5:12 | Build | Palisade Wall |
| 5:14 | Build | Palisade Wall |
| 5:14 | Create | Fishing Ship |
| 5:27 | Create | Villager (Male) |
| 5:27 | Create | Villager (Male) |
| 5:30 | Create | Fishing Ship |
| 5:52 | Create | Villager (Male) |
| 5:55 | Create | Fishing Ship |
| 6:06 | Create | Villager (Male) |
| 6:28 | Create | Villager (Male) |
| 6:28 | Create | Villager (Male) |
| 6:40 | Create | Villager (Male) |
| 6:52 | Create | Fishing Ship |
| 7:00 | Create | Villager (Male) |
| 7:01 | Build | Dock |
| 7:16 | Create | Villager (Male) |
| 7:19 | Create | Villager (Male) |
| 7:23 | Build | House |
| 7:30 | Create | Fishing Ship |
| 7:46 | Build | House |
| 8:02 | Create | Villager (Male) |
| 8:04 | Create | Villager (Male) |
| 8:06 | Build | House |
| 8:07 | Build | House |
| 8:16 | Research | Loom |
| 8:16 | Research | Loom |
| 8:26 | Create | Fishing Ship |
| 8:29 | Create | Villager (Male) |
| 8:48 | Research | Feudal Age |
| 8:59 | Create | Fishing Ship |
| 9:17 | Build | Palisade Wall |
| 9:31 | Create | Villager (Male) |
| 9:39 | Create | Villager (Male) |
| 9:41 | Build | House |
| 9:47 | Create | Fishing Ship |
| 9:51 | Create | Fishing Ship |
| 10:09 | Build | Barracks |
| 10:12 | Create | Villager (Male) |
| 10:23 | Build | Palisade Wall |
| 10:27 | Build | House |
| 10:29 | Create | Fishing Ship |
| 10:37 | Build | Palisade Wall |
| 10:58 | Build | House |
| 10:58 | Age | Feudal Age |
| 10:59 | Build | Palisade Wall |
| 11:00 | Build | Stable |
| 11:05 | Create | Villager (Male) |
| 11:06 | Create | Fishing Ship |
| 11:06 | Create | Fishing Ship |
| 11:07 | Create | Villager (Male) |
| 11:09 | Create | Villager (Male) |
| 11:19 | Create | Villager (Male) |
| 11:23 | Create | Villager (Male) |
| 11:25 | Research | Double-Bit Axe |
| 11:27 | Create | Villager (Male) |
| 11:33 | Create | Fishing Ship |
| 11:38 | Build | House |
| 11:40 | Build | Palisade Wall |
| 11:41 | Build | Palisade Wall |
| 11:43 | Create | Scout Cavalry |
| 11:43 | Create | Scout Cavalry |
| 11:50 | Build | Palisade Gate |
| 11:51 | Build | Palisade Wall |
| 11:51 | Build | Palisade Wall |
| 11:57 | Create | Scout Cavalry |
| 11:58 | Create | Villager (Male) |
| 11:59 | Create | Villager (Male) |
| 12:14 | Build | Mule Cart |
| 12:20 | Create | Scout Cavalry |
| 12:21 | Create | Fishing Ship |
| 12:21 | Create | Fishing Ship |
| 12:25 | Create | Fishing Ship |
| 12:26 | Create | Villager (Male) |
| 12:32 | Create | Villager (Male) |
| 12:35 | Build | Palisade Wall |
| 12:36 | Create | Villager (Male) |
| 12:42 | Create | Scout Cavalry |
| 12:42 | Create | Scout Cavalry |
| 12:52 | Create | Villager (Male) |
| 13:01 | Create | Villager (Male) |
| 13:04 | Build | Blacksmith |
| 13:13 | Create | Villager (Male) |
| 13:15 | Create | Fishing Ship |
| 13:15 | Create | Fishing Ship |
| 13:25 | Build | House |
| 13:29 | Create | Spearman |
| 13:33 | Create | Villager (Male) |
| 13:44 | Build | House |
| 13:46 | Build | House |
| 13:50 | Create | Scout Cavalry |
| 13:52 | Create | Villager (Male) |
| 13:54 | Research | Forging |
| 13:55 | Create | Fishing Ship |
| 13:55 | Create | Fishing Ship |
| 13:55 | Create | Fishing Ship |
| 13:57 | Create | Scout Cavalry |
| 14:05 | Create | Villager (Male) |
| 14:11 | Create | Villager (Male) |
| 14:20 | Create | Villager (Male) |
| 14:22 | Create | Spearman |
| 14:23 | Create | Spearman |
| 14:28 | Build | Stable |
| 14:42 | Create | Villager (Male) |
| 14:48 | Build | House |
| 14:49 | Build | House |
| 14:52 | Create | Fishing Ship |
| 14:53 | Create | Fishing Ship |
| 14:54 | Create | Villager (Male) |
| 14:58 | Build | Dock |
| 15:01 | Create | Scout Cavalry |
| 15:01 | Create | Scout Cavalry |
| 15:05 | Research | Scale Barding Armor |
| 15:10 | Create | Villager (Male) |
| 15:16 | Build | Mill |
| 15:17 | Create | Villager (Male) |
| 15:24 | Create | Scout Cavalry |
| 15:24 | Create | Scout Cavalry |
| 15:27 | Build | Mule Cart |
| 15:34 | Create | Fishing Ship |
| 15:35 | Create | Scout Cavalry |
| 15:35 | Create | Scout Cavalry |
| 15:37 | Create | Scout Cavalry |
| 15:37 | Create | Scout Cavalry |
| 15:45 | Create | Villager (Male) |
| 16:02 | Create | Fishing Ship |
| 16:02 | Create | Fishing Ship |
| 16:11 | Create | Villager (Male) |
Build order — Oni.Vinchester
First 150 of 381 actions detected
| 0:01 | Create | Villager (Male) |
| 0:01 | Create | Villager (Male) |
| 0:02 | Build | House |
| 0:04 | Build | House |
| 0:09 | Create | Villager (Male) |
| 0:09 | Create | Villager (Male) |
| 0:09 | Create | Villager (Male) |
| 1:25 | Build | Settlement |
| 1:27 | Create | Villager (Male) |
| 2:04 | Create | Villager (Male) |
| 2:04 | Create | Villager (Male) |
| 2:04 | Create | Villager (Male) |
| 2:25 | Create | Villager (Male) |
| 2:26 | Create | Villager (Male) |
| 2:37 | Create | Villager (Male) |
| 2:38 | Create | Villager (Male) |
| 3:14 | Create | Villager (Male) |
| 3:14 | Create | Villager (Male) |
| 3:40 | Create | Villager (Male) |
| 3:45 | Build | Dock |
| 3:46 | Build | Palisade Wall |
| 3:47 | Build | Palisade Wall |
| 3:49 | Build | Palisade Wall |
| 4:01 | Create | Villager (Male) |
| 4:01 | Create | Villager (Male) |
| 4:02 | Create | Villager (Male) |
| 4:28 | Create | Fishing Ship |
| 4:30 | Create | Villager (Male) |
| 4:31 | Create | Villager (Male) |
| 4:52 | Create | Villager (Male) |
| 5:10 | Build | House |
| 5:20 | Create | Villager (Male) |
| 5:25 | Create | Fishing Ship |
| 5:51 | Create | Villager (Male) |
| 5:54 | Create | Fishing Ship |
| 5:59 | Create | Villager (Male) |
| 5:59 | Research | Loom |
| 6:23 | Create | Fishing Ship |
| 7:14 | Research | Feudal Age |
| 7:14 | Research | Feudal Age |
| 7:23 | Build | Settlement |
| 8:07 | Build | Dock |
| 8:12 | Build | Palisade Wall |
| 8:13 | Build | Palisade Wall |
| 9:24 | Age | Feudal Age |
| 9:26 | Create | Fire Galley |
| 9:27 | Create | Fire Galley |
| 9:27 | Create | Villager (Male) |
| 9:41 | Research | Double-Bit Axe |
| 9:42 | Research | Double-Bit Axe |
| 9:42 | Create | Villager (Male) |
| 10:00 | Create | Villager (Male) |
| 10:15 | Create | Fire Galley |
| 10:33 | Create | Unit 2626 |
| 10:34 | Create | Villager (Male) |
| 10:36 | Create | Unit 2626 |
| 10:39 | Build | House |
| 10:51 | Create | Villager (Male) |
| 10:54 | Build | House |
| 10:56 | Research | Wheelbarrow |
| 11:05 | Create | Villager (Male) |
| 11:09 | Create | Unit 2626 |
| 11:24 | Create | Villager (Male) |
| 11:25 | Build | House |
| 11:32 | Create | Unit 2626 |
| 11:50 | Create | Unit 2626 |
| 11:50 | Create | Unit 2626 |
| 11:52 | Create | Villager (Male) |
| 12:10 | Create | Villager (Male) |
| 12:17 | Create | Unit 2626 |
| 12:56 | Create | Unit 2626 |
| 12:56 | Create | Unit 2626 |
| 13:01 | Create | Villager (Male) |
| 13:30 | Create | Villager (Male) |
| 13:36 | Create | Unit 2626 |
| 13:36 | Create | Unit 2626 |
| 13:50 | Build | Settlement |
| 14:09 | Create | Villager (Male) |
| 14:51 | Create | Villager (Male) |
| 14:59 | Build | Stone Wall |
| 15:01 | Build | Stone Wall |
| 15:02 | Build | Stone Wall |
| 15:06 | Build | Gate |
| 15:09 | Build | Stone Wall |
| 15:10 | Build | Stone Wall |
| 15:14 | Create | Unit 2626 |
| 15:15 | Create | Unit 2626 |
| 15:19 | Create | Villager (Male) |
| 15:28 | Build | Farm |
| 15:28 | Build | Farm |
| 15:29 | Build | Farm |
| 15:30 | Build | Farm |
| 15:32 | Research | Horse Collar |
| 15:32 | Research | Horse Collar |
| 15:37 | Build | Farm |
| 15:48 | Create | Villager (Male) |
| 15:49 | Create | Unit 2626 |
| 15:49 | Create | Unit 2626 |
| 15:56 | Create | Villager (Male) |
| 16:02 | Build | Stone Wall |
| 16:14 | Create | Villager (Male) |
| 16:16 | Build | Settlement |
| 16:23 | Build | Stone Wall |
| 16:26 | Create | Unit 2626 |
| 16:26 | Create | Unit 2626 |
| 16:39 | Create | Fire Galley |
| 16:39 | Create | Fire Galley |
| 17:03 | Build | House |
| 17:10 | Create | Villager (Male) |
| 17:13 | Build | Stone Wall |
| 17:16 | Create | Unit 2626 |
| 17:16 | Create | Unit 2626 |
| 17:18 | Create | Villager (Male) |
| 17:18 | Create | Villager (Male) |
| 17:26 | Build | House |
| 17:27 | Build | House |
| 17:31 | Create | Unit 2626 |
| 17:31 | Create | Unit 2626 |
| 17:38 | Create | Villager (Male) |
| 17:40 | Build | Stone Wall |
| 17:48 | Build | Stone Wall |
| 18:00 | Create | Villager (Male) |
| 18:20 | Create | Villager (Male) |
| 18:34 | Research | Tech 906 |
| 18:34 | Research | Tech 906 |
| 18:36 | Create | Fire Galley |
| 18:37 | Create | Fire Galley |
| 18:45 | Build | Dock |
| 18:49 | Create | Villager (Male) |
| 19:04 | Create | Fire Galley |
| 19:04 | Create | Fire Galley |
| 19:12 | Create | Villager (Male) |
| 19:33 | Build | Market |
| 19:38 | Build | Blacksmith |
| 19:39 | Create | Villager (Male) |
| 19:52 | Create | Fire Galley |
| 19:53 | Create | Fire Galley |
| 20:05 | Create | Villager (Male) |
| 20:13 | Create | Fire Galley |
| 20:21 | Build | Outpost |
| 20:31 | Create | Villager (Male) |
| 20:45 | Build | Settlement |
| 20:45 | Create | Fire Galley |
| 20:45 | Create | Fire Galley |
| 20:46 | Create | Villager (Male) |
| 21:15 | Create | Fishing Ship |
| 21:15 | Create | Fishing Ship |
| 21:17 | Create | Villager (Male) |
| 21:43 | Create | Fishing Ship |
| 21:43 | Create | Fishing Ship |
Build order — Oni.dogao
First 150 of 542 actions detected
| 0:02 | Create | Villager (Male) ×4 |
| 0:02 | Create | Villager (Male) ×4 |
| 0:02 | Create | Villager (Male) ×4 |
| 0:03 | Build | House |
| 0:04 | Build | House |
| 1:28 | Create | Villager (Male) |
| 1:28 | Create | Villager (Male) |
| 1:53 | Build | Lumber Camp |
| 1:58 | Create | Villager (Male) |
| 1:58 | Create | Villager (Male) |
| 2:16 | Create | Villager (Male) |
| 2:16 | Create | Villager (Male) |
| 2:49 | Create | Villager (Male) |
| 2:49 | Create | Villager (Male) |
| 2:49 | Create | Villager (Male) |
| 3:12 | Create | Villager (Male) |
| 3:13 | Create | Villager (Male) |
| 3:13 | Create | Villager (Male) |
| 3:24 | Build | House |
| 3:41 | Create | Villager (Male) |
| 3:41 | Create | Villager (Male) |
| 3:41 | Create | Villager (Male) |
| 4:00 | Create | Villager (Male) |
| 4:00 | Create | Villager (Male) |
| 4:23 | Create | Villager (Male) |
| 4:53 | Create | Villager (Male) |
| 4:53 | Create | Villager (Male) |
| 4:53 | Create | Villager (Male) |
| 5:13 | Create | Villager (Male) |
| 5:13 | Create | Villager (Male) |
| 5:14 | Create | Villager (Male) |
| 5:23 | Build | Dock |
| 5:32 | Build | House |
| 5:37 | Create | Villager (Male) |
| 5:37 | Create | Villager (Male) |
| 5:46 | Create | Villager (Male) |
| 5:46 | Create | Villager (Male) |
| 6:00 | Create | Fishing Ship |
| 6:15 | Build | Dock |
| 6:23 | Create | Villager (Male) |
| 6:23 | Create | Villager (Male) |
| 6:33 | Create | Fishing Ship |
| 6:33 | Create | Fishing Ship |
| 6:33 | Create | Fishing Ship |
| 6:55 | Create | Fishing Ship |
| 7:02 | Create | Villager (Male) |
| 7:02 | Create | Villager (Male) |
| 7:02 | Create | Villager (Male) |
| 7:13 | Build | House |
| 7:16 | Create | Fishing Ship |
| 7:16 | Create | Fishing Ship |
| 7:41 | Create | Fishing Ship |
| 7:41 | Create | Fishing Ship |
| 7:58 | Research | Loom |
| 8:01 | Create | Fishing Ship |
| 8:01 | Create | Fishing Ship |
| 8:01 | Create | Fishing Ship |
| 8:23 | Build | House |
| 8:38 | Research | Feudal Age |
| 8:38 | Research | Feudal Age |
| 8:38 | Research | Feudal Age |
| 8:47 | Create | Fishing Ship |
| 8:47 | Create | Fishing Ship |
| 8:55 | Build | Palisade Wall |
| 9:03 | Create | Fishing Ship |
| 9:03 | Create | Fishing Ship |
| 9:20 | Create | Fishing Ship |
| 9:41 | Build | House |
| 9:43 | Build | Palisade Wall |
| 9:51 | Build | Barracks |
| 10:06 | Create | Fishing Ship |
| 10:06 | Create | Fishing Ship |
| 10:07 | Create | Fishing Ship |
| 10:25 | Build | House |
| 10:26 | Create | Fishing Ship |
| 10:36 | Create | Villager (Male) |
| 10:36 | Create | Villager (Male) |
| 10:48 | Age | Feudal Age |
| 11:06 | Build | Stable |
| 11:16 | Build | Palisade Wall |
| 11:19 | Create | Villager (Male) |
| 11:28 | Create | Villager (Male) |
| 11:35 | Research | Double-Bit Axe |
| 11:36 | Research | Double-Bit Axe |
| 11:36 | Research | Double-Bit Axe |
| 11:48 | Create | Scout Cavalry |
| 11:48 | Create | Scout Cavalry |
| 11:50 | Build | House |
| 12:22 | Build | House |
| 12:27 | Create | Villager (Male) |
| 12:35 | Create | Scout Cavalry |
| 12:41 | Build | Mining Camp |
| 12:41 | Create | Villager (Male) |
| 12:45 | Build | House |
| 12:55 | Research | Tech 906 |
| 12:55 | Research | Tech 906 |
| 13:06 | Create | Villager (Male) |
| 13:23 | Create | Villager (Male) |
| 13:23 | Create | Villager (Male) |
| 13:25 | Build | Blacksmith |
| 13:39 | Create | Villager (Male) |
| 13:55 | Build | House |
| 14:01 | Build | Archery Range |
| 14:26 | Research | Castle Age |
| 14:26 | Research | Castle Age |
| 14:37 | Research | Gold Mining |
| 14:37 | Research | Gold Mining |
| 14:48 | Build | House |
| 14:54 | Build | Archery Range |
| 14:56 | Research | Fletching |
| 14:56 | Research | Fletching |
| 14:56 | Research | Fletching |
| 15:22 | Build | Lumber Camp |
| 15:26 | Research | Bloodlines |
| 15:34 | Build | House |
| 15:38 | Build | House |
| 15:58 | Build | Archery Range |
| 16:07 | Research | Padded Archer Armor |
| 16:54 | Create | Villager (Male) |
| 16:54 | Create | Villager (Male) |
| 17:00 | Build | House |
| 17:13 | Age | Castle Age |
| 17:15 | Create | Cavalry Archer |
| 17:15 | Create | Cavalry Archer |
| 17:15 | Create | Cavalry Archer |
| 17:16 | Research | Bodkin Arrow |
| 17:16 | Research | Bodkin Arrow |
| 17:22 | Build | Town Center |
| 17:37 | Create | Cavalry Archer |
| 17:37 | Create | Cavalry Archer |
| 17:37 | Create | Cavalry Archer |
| 17:54 | Create | Villager (Male) |
| 17:59 | Research | Husbandry |
| 18:00 | Research | Husbandry |
| 18:00 | Research | Husbandry |
| 18:01 | Create | Villager (Male) |
| 18:09 | Build | Mill |
| 18:16 | Create | Cavalry Archer |
| 18:16 | Create | Cavalry Archer |
| 18:16 | Create | Cavalry Archer |
| 18:34 | Research | Bow Saw |
| 18:35 | Research | Bow Saw |
| 18:39 | Create | Villager (Male) |
| 18:39 | Create | Villager (Male) |
| 18:44 | Create | Cavalry Archer |
| 18:44 | Create | Cavalry Archer |
| 18:44 | Create | Cavalry Archer |
| 18:45 | Create | Cavalry Archer |
| 19:13 | Build | University |
| 19:35 | Create | Villager (Male) |
Build order — wR.ACCM
First 150 of 300 actions detected
| 0:00 | Create | Villager (Male) |
| 0:01 | Create | Villager (Male) |
| 0:02 | Build | House |
| 0:02 | Build | House |
| 0:06 | Build | House |
| 0:17 | Create | Villager (Male) |
| 0:17 | Create | Villager (Male) |
| 1:25 | Create | Villager (Male) |
| 1:25 | Create | Villager (Male) |
| 1:59 | Create | Villager (Male) |
| 1:59 | Create | Villager (Male) |
| 2:04 | Build | Lumber Camp |
| 2:14 | Create | Villager (Male) |
| 2:50 | Create | Villager (Male) |
| 2:51 | Create | Villager (Male) |
| 3:07 | Create | Villager (Male) |
| 3:07 | Create | Villager (Male) |
| 3:34 | Create | Villager (Male) |
| 3:34 | Create | Villager (Male) |
| 4:00 | Create | Villager (Male) |
| 4:00 | Create | Villager (Male) |
| 4:36 | Create | Villager (Male) |
| 4:36 | Create | Villager (Male) |
| 4:40 | Build | Dock |
| 4:42 | Research | Loom |
| 4:42 | Research | Loom |
| 4:43 | Build | House |
| 4:44 | Create | Villager (Male) |
| 4:47 | Build | Palisade Wall |
| 4:48 | Build | Palisade Wall |
| 4:59 | Create | Villager (Male) |
| 5:22 | Create | Fishing Ship |
| 5:28 | Create | Villager (Male) |
| 5:28 | Create | Villager (Male) |
| 5:30 | Create | Villager (Male) |
| 5:37 | Build | House |
| 6:21 | Create | Fishing Ship |
| 6:21 | Create | Fishing Ship |
| 6:58 | Create | Villager (Male) |
| 7:00 | Create | Fishing Ship |
| 7:31 | Create | Fishing Ship |
| 7:31 | Create | Fishing Ship |
| 7:37 | Create | Villager (Male) |
| 7:41 | Research | Feudal Age |
| 7:41 | Research | Feudal Age |
| 7:42 | Build | House |
| 8:15 | Create | Villager (Male) |
| 8:32 | Build | Mining Camp |
| 9:18 | Create | Villager (Male) |
| 9:20 | Create | Fishing Ship |
| 9:27 | Build | Dock |
| 9:51 | Age | Feudal Age |
| 9:54 | Create | Fire Galley |
| 9:55 | Research | Double-Bit Axe |
| 10:15 | Create | Fire Galley |
| 10:17 | Create | Villager (Male) |
| 10:22 | Build | House |
| 10:23 | Build | Palisade Wall |
| 10:29 | Build | Palisade Wall |
| 10:36 | Create | Villager (Male) |
| 10:47 | Build | House |
| 10:49 | Create | Villager (Male) |
| 10:52 | Build | Palisade Wall |
| 10:53 | Build | Palisade Wall |
| 10:57 | Build | Dock |
| 11:05 | Create | Galley |
| 11:05 | Create | Galley |
| 11:21 | Create | Villager (Male) |
| 11:29 | Create | Galley |
| 11:30 | Create | Villager (Male) |
| 11:38 | Build | House |
| 11:46 | Create | Galley |
| 11:46 | Create | Galley |
| 11:50 | Create | Villager (Male) |
| 12:18 | Create | Fire Galley |
| 12:33 | Create | Galley |
| 12:34 | Create | Villager (Male) |
| 12:40 | Build | Palisade Wall |
| 12:58 | Create | Galley |
| 12:59 | Create | Galley |
| 13:17 | Create | Unit 2626 |
| 13:20 | Create | Villager (Male) |
| 13:26 | Create | Galley |
| 13:49 | Create | Villager (Male) |
| 13:51 | Build | Mill |
| 13:54 | Build | House |
| 13:56 | Build | Palisade Wall |
| 14:23 | Create | Villager (Male) |
| 14:34 | Create | Galley |
| 14:43 | Build | Palisade Wall |
| 14:48 | Create | Villager (Male) |
| 14:51 | Create | Galley |
| 15:10 | Create | Unit 2626 |
| 15:10 | Create | Unit 2626 |
| 15:15 | Create | Villager (Male) |
| 15:20 | Create | Fire Galley |
| 15:20 | Create | Fire Galley |
| 15:24 | Build | House |
| 15:25 | Create | Villager (Male) |
| 15:45 | Create | Unit 2626 |
| 16:05 | Build | House |
| 16:11 | Create | Villager (Male) |
| 16:12 | Create | Villager (Male) |
| 16:16 | Create | Unit 2626 |
| 16:39 | Create | Unit 2626 |
| 16:39 | Create | Unit 2626 |
| 16:44 | Build | House |
| 16:44 | Create | Villager (Male) |
| 16:55 | Create | Unit 2626 |
| 16:55 | Create | Unit 2626 |
| 17:07 | Create | Unit 2626 |
| 17:16 | Create | Unit 2626 |
| 17:17 | Create | Unit 2626 |
| 17:19 | Create | Villager (Male) |
| 17:26 | Build | Palisade Wall |
| 17:28 | Create | Villager (Male) |
| 17:38 | Create | Unit 2626 |
| 17:51 | Build | Dock |
| 17:57 | Build | Market |
| 18:04 | Create | Unit 2626 |
| 18:10 | Build | House |
| 18:11 | Create | Villager (Male) |
| 18:22 | Create | Villager (Male) |
| 18:36 | Create | Unit 2626 |
| 18:37 | Create | Unit 2626 |
| 18:38 | Create | Unit 2626 |
| 18:56 | Build | Blacksmith |
| 18:57 | Create | Villager (Male) |
| 19:00 | Create | Unit 2626 |
| 19:00 | Create | Unit 2626 |
| 19:07 | Build | House |
| 19:08 | Create | Villager (Male) |
| 19:15 | Create | Unit 2626 |
| 19:15 | Create | Unit 2626 |
| 19:29 | Create | Unit 2626 |
| 19:32 | Create | Fire Galley |
| 19:34 | Build | House |
| 19:43 | Create | Villager (Male) |
| 20:07 | Create | Unit 2626 |
| 20:07 | Create | Unit 2626 |
| 20:09 | Build | House |
| 20:16 | Build | House |
| 20:18 | Build | House |
| 20:21 | Create | Unit 2626 |
| 20:21 | Create | Unit 2626 |
| 20:21 | Create | Unit 2626 |
| 20:23 | Create | Villager (Male) |
| 20:42 | Create | Unit 2626 |
| 20:49 | Research | Forging |
| 20:49 | Research | Forging |
Build order — Oni.FreakinAndy
First 150 of 481 actions detected
| 0:02 | Create | Villager (Male) |
| 0:02 | Create | Villager (Male) |
| 0:03 | Build | House |
| 0:04 | Build | House |
| 0:18 | Create | Villager (Male) |
| 0:20 | Create | Villager (Male) |
| 0:34 | Build | Lumber Camp |
| 1:27 | Create | Villager (Male) |
| 1:28 | Create | Villager (Male) |
| 1:54 | Create | Villager (Male) |
| 1:55 | Create | Villager (Male) |
| 2:31 | Create | Villager (Male) |
| 2:31 | Create | Villager (Male) |
| 2:57 | Create | Villager (Male) |
| 2:57 | Create | Villager (Male) |
| 3:20 | Create | Villager (Male) |
| 3:20 | Create | Villager (Male) |
| 3:40 | Build | House |
| 3:49 | Create | Villager (Male) |
| 3:49 | Create | Villager (Male) |
| 4:12 | Build | Dock |
| 4:15 | Create | Villager (Male) |
| 4:15 | Create | Villager (Male) |
| 4:18 | Build | Palisade Wall |
| 4:20 | Build | Palisade Wall |
| 4:21 | Build | Palisade Wall |
| 4:22 | Build | Palisade Wall |
| 4:22 | Build | Palisade Wall |
| 4:23 | Build | Palisade Wall |
| 4:31 | Build | Dock |
| 4:34 | Build | Palisade Wall |
| 4:35 | Build | Palisade Wall |
| 4:36 | Build | Palisade Wall |
| 4:42 | Create | Villager (Male) |
| 5:04 | Build | House |
| 5:11 | Build | Palisade Wall |
| 5:15 | Create | Villager (Male) |
| 5:27 | Create | Fishing Ship |
| 5:27 | Create | Fishing Ship |
| 5:46 | Create | Villager (Male) |
| 5:47 | Create | Villager (Male) |
| 5:58 | Create | Villager (Male) |
| 6:10 | Create | Fishing Ship |
| 6:35 | Create | Villager (Male) |
| 6:36 | Create | Villager (Male) |
| 6:37 | Create | Fishing Ship |
| 7:11 | Research | Loom |
| 7:24 | Create | Fishing Ship |
| 7:51 | Research | Feudal Age |
| 7:51 | Research | Feudal Age |
| 7:59 | Build | Lumber Camp |
| 8:20 | Create | Villager (Male) |
| 8:37 | Build | House |
| 9:18 | Build | Mining Camp |
| 9:23 | Build | Dock |
| 9:27 | Create | Villager (Male) |
| 9:34 | Build | Palisade Wall |
| 9:35 | Build | Palisade Wall |
| 9:39 | Create | Villager (Male) |
| 9:45 | Build | House |
| 10:01 | Age | Feudal Age |
| 10:05 | Research | Double-Bit Axe |
| 10:06 | Create | Fire Galley |
| 10:20 | Create | Unit 2626 |
| 10:20 | Create | Unit 2626 |
| 10:40 | Build | House |
| 10:41 | Build | House |
| 10:52 | Build | Dock |
| 10:54 | Create | Unit 2626 |
| 10:55 | Create | Unit 2626 |
| 11:05 | Create | Villager (Male) |
| 11:06 | Create | Villager (Male) |
| 11:29 | Build | Dock |
| 11:31 | Create | Unit 2626 |
| 11:31 | Create | Unit 2626 |
| 11:32 | Build | Palisade Wall |
| 11:33 | Build | Palisade Wall |
| 11:34 | Build | Palisade Wall |
| 11:38 | Create | Unit 2626 |
| 11:39 | Create | Villager (Male) |
| 11:44 | Build | House |
| 11:45 | Build | House |
| 11:49 | Build | Palisade Wall |
| 12:03 | Create | Villager (Male) |
| 12:04 | Create | Villager (Male) |
| 12:04 | Create | Villager (Male) |
| 12:12 | Create | Unit 2626 |
| 12:18 | Build | Mill |
| 12:29 | Build | House |
| 12:29 | Build | House |
| 12:42 | Create | Villager (Male) |
| 12:48 | Build | Dock |
| 13:05 | Create | Unit 2626 |
| 13:10 | Create | Villager (Male) |
| 13:11 | Create | Villager (Male) |
| 13:24 | Create | Fire Galley |
| 13:25 | Create | Fire Galley |
| 13:30 | Create | Fire Galley |
| 13:30 | Create | Fire Galley |
| 13:36 | Build | Dock |
| 13:44 | Build | Palisade Gate |
| 13:45 | Create | Villager (Male) |
| 13:52 | Create | Unit 2626 |
| 14:02 | Create | Unit 2626 |
| 14:06 | Create | Villager (Male) |
| 14:10 | Build | House |
| 14:18 | Create | Fire Galley |
| 14:18 | Create | Fire Galley |
| 14:20 | Create | Villager (Male) |
| 14:43 | Create | Fire Galley |
| 14:43 | Create | Fire Galley |
| 15:05 | Create | Fire Galley |
| 15:05 | Create | Fire Galley |
| 15:16 | Create | Villager (Male) |
| 15:16 | Create | Villager (Male) |
| 15:46 | Build | Market |
| 15:49 | Build | Market |
| 15:50 | Build | House |
| 15:52 | Build | Palisade Wall |
| 15:56 | Create | Villager (Male) |
| 16:01 | Create | Villager (Male) |
| 16:01 | Create | Villager (Male) |
| 16:07 | Create | Villager (Male) |
| 16:07 | Create | Villager (Male) |
| 16:08 | Create | Fire Galley |
| 16:08 | Create | Fire Galley |
| 16:08 | Create | Fire Galley |
| 16:34 | Create | Villager (Male) |
| 16:37 | Create | Fire Galley |
| 16:37 | Create | Fire Galley |
| 16:44 | Create | Villager (Male) |
| 16:44 | Create | Villager (Male) |
| 17:13 | Build | Blacksmith |
| 17:22 | Build | House |
| 17:23 | Build | House |
| 17:24 | Build | House |
| 17:24 | Build | House |
| 17:36 | Create | Fishing Ship |
| 17:36 | Create | Fishing Ship |
| 17:36 | Create | Fishing Ship |
| 17:57 | Build | Palisade Wall |
| 18:06 | Research | Castle Age |
| 18:16 | Create | Galley |
| 18:17 | Create | Galley |
| 18:19 | Create | Villager (Male) |
| 18:19 | Create | Villager (Male) |
| 18:23 | Research | Gold Mining |
| 18:33 | Create | Galley |
| 18:33 | Create | Galley |
| 18:37 | Build | House |
Build order — Oni.TaToH
First 150 of 452 actions detected
| 0:01 | Create | Villager (Male) ×4 |
| 0:01 | Create | Villager (Male) ×4 |
| 0:02 | Build | House |
| 0:03 | Build | House |
| 1:19 | Build | Lumber Camp |
| 1:25 | Create | Villager (Male) |
| 1:25 | Create | Villager (Male) |
| 1:52 | Create | Villager (Male) |
| 1:52 | Create | Villager (Male) |
| 2:24 | Create | Villager (Male) |
| 2:25 | Create | Villager (Male) |
| 2:45 | Create | Villager (Male) |
| 3:11 | Create | Villager (Male) |
| 3:29 | Build | House |
| 3:36 | Create | Villager (Male) |
| 3:36 | Create | Villager (Male) |
| 3:54 | Build | Dock |
| 3:54 | Build | Palisade Wall |
| 3:55 | Build | Palisade Wall |
| 4:03 | Create | Villager (Male) |
| 4:03 | Create | Villager (Male) |
| 4:29 | Create | Villager (Male) |
| 4:40 | Create | Fishing Ship |
| 4:58 | Create | Villager (Male) |
| 4:58 | Create | Villager (Male) |
| 5:07 | Build | House |
| 5:25 | Create | Villager (Male) |
| 5:25 | Create | Fishing Ship |
| 5:40 | Create | Villager (Male) |
| 5:53 | Create | Fishing Ship |
| 5:58 | Create | Villager (Male) |
| 6:09 | Build | House |
| 6:19 | Create | Villager (Male) |
| 6:38 | Create | Villager (Male) |
| 6:43 | Create | Villager (Male) |
| 6:43 | Create | Fishing Ship |
| 6:48 | Create | Villager (Male) |
| 7:04 | Build | Lumber Camp |
| 7:27 | Create | Fishing Ship |
| 7:31 | Create | Villager (Male) |
| 7:48 | Build | House |
| 8:04 | Create | Fishing Ship |
| 8:27 | Create | Villager (Male) |
| 8:34 | Build | Dock |
| 8:35 | Build | Palisade Wall |
| 8:56 | Build | House |
| 9:00 | Build | House |
| 9:01 | Create | Fishing Ship |
| 9:05 | Research | Feudal Age |
| 9:05 | Research | Feudal Age |
| 9:15 | Create | Fishing Ship |
| 9:22 | Build | Palisade Wall |
| 9:25 | Build | Palisade Wall |
| 9:26 | Build | Palisade Wall |
| 9:34 | Build | Mining Camp |
| 9:44 | Build | Palisade Wall |
| 9:46 | Build | Palisade Wall |
| 9:49 | Build | Palisade Wall |
| 9:49 | Build | Palisade Wall |
| 10:03 | Build | Palisade Wall |
| 10:03 | Build | Palisade Wall |
| 10:03 | Build | Palisade Wall |
| 10:05 | Build | Palisade Wall |
| 10:06 | Research | Loom |
| 10:11 | Build | House |
| 10:24 | Build | Mill |
| 10:24 | Build | Palisade Wall |
| 10:25 | Build | Palisade Wall |
| 10:58 | Create | Fishing Ship |
| 11:21 | Age | Feudal Age |
| 11:24 | Build | Market |
| 11:37 | Create | Villager (Male) |
| 11:48 | Build | Palisade Wall |
| 11:48 | Build | Blacksmith |
| 12:09 | Create | Villager (Male) |
| 12:19 | Research | Tech 906 |
| 12:19 | Research | Tech 906 |
| 12:30 | Research | Castle Age |
| 13:00 | Research | Double-Bit Axe |
| 13:01 | Research | Double-Bit Axe |
| 13:02 | Create | Fishing Ship |
| 13:13 | Build | Palisade Wall |
| 13:27 | Build | Palisade Wall |
| 13:28 | Build | Palisade Wall |
| 13:32 | Build | Palisade Wall |
| 13:33 | Build | Palisade Wall |
| 13:34 | Build | Palisade Wall |
| 13:37 | Create | Fishing Ship |
| 13:40 | Build | Palisade Wall |
| 13:40 | Build | Palisade Wall |
| 13:40 | Build | Palisade Wall |
| 13:42 | Build | House |
| 13:51 | Build | Palisade Gate |
| 13:52 | Build | House |
| 14:08 | Research | Stone Mining |
| 14:26 | Create | Fishing Ship |
| 14:39 | Create | Fishing Ship |
| 15:16 | Age | Castle Age |
| 15:19 | Build | Castle |
| 15:20 | Build | Palisade Wall |
| 15:23 | Build | Palisade Wall |
| 15:23 | Build | Palisade Wall |
| 15:26 | Research | Bow Saw |
| 15:26 | Create | Villager (Male) |
| 15:31 | Build | Monastery |
| 15:32 | Create | Villager (Male) |
| 16:04 | Create | Villager (Male) |
| 16:07 | Create | Missionary |
| 16:18 | Create | Conquistador |
| 16:25 | Build | Town Center |
| 16:28 | Create | Villager (Male) |
| 16:32 | Research | Town Watch |
| 16:34 | Create | Conquistador |
| 16:41 | Build | Palisade Wall |
| 16:42 | Build | Palisade Wall |
| 16:43 | Build | Palisade Wall |
| 16:44 | Build | Palisade Wall |
| 16:48 | Build | Palisade Wall |
| 16:55 | Create | Villager (Male) |
| 17:10 | Create | Conquistador |
| 17:10 | Create | Villager (Male) |
| 17:13 | Create | Conquistador |
| 17:27 | Build | House |
| 17:37 | Create | Conquistador |
| 17:38 | Create | Villager (Male) |
| 17:39 | Build | Barracks |
| 17:58 | Create | Conquistador |
| 18:01 | Create | Villager (Male) |
| 18:07 | Create | Fishing Ship |
| 18:08 | Create | Fishing Ship |
| 18:09 | Create | Fishing Ship |
| 18:26 | Create | Villager (Male) |
| 18:27 | Create | Villager (Male) |
| 18:29 | Build | Stable |
| 18:35 | Create | Villager (Male) |
| 18:40 | Create | Villager (Male) |
| 18:43 | Create | Conquistador |
| 18:53 | Create | Missionary |
| 18:59 | Create | Fishing Ship |
| 19:00 | Create | Fishing Ship |
| 19:09 | Build | Farm |
| 19:16 | Create | Villager (Male) |
| 19:18 | Build | House |
| 19:26 | Create | Villager (Male) |
| 19:28 | Build | Farm |
| 19:29 | Build | Farm |
| 19:37 | Create | Villager (Male) |
| 19:53 | Research | Husbandry |
| 20:01 | Research | Padded Archer Armor |
| 20:01 | Research | Padded Archer Armor |
Build order — Oni.Kingstone
First 150 of 306 actions detected
| 0:01 | Create | Villager (Male) |
| 0:01 | Create | Villager (Male) |
| 0:01 | Create | Villager (Male) |
| 0:02 | Build | House |
| 0:03 | Research | Loom |
| 0:04 | Build | House |
| 0:22 | Create | Villager (Male) |
| 1:23 | Create | Villager (Male) |
| 1:48 | Build | Lumber Camp |
| 2:01 | Create | Villager (Male) |
| 2:01 | Create | Villager (Male) |
| 2:18 | Create | Villager (Male) |
| 2:50 | Create | Villager (Male) |
| 3:04 | Create | Villager (Male) |
| 3:39 | Create | Villager (Male) |
| 3:48 | Build | House |
| 4:08 | Build | Dock |
| 4:10 | Build | Palisade Wall |
| 4:12 | Build | Palisade Wall |
| 4:15 | Create | Villager (Male) |
| 4:44 | Create | Villager (Male) |
| 4:56 | Create | Villager (Male) |
| 4:58 | Create | Fishing Ship |
| 5:13 | Build | House |
| 5:27 | Create | Villager (Male) |
| 5:38 | Create | Fishing Ship |
| 5:59 | Create | Villager (Male) |
| 6:09 | Build | House |
| 6:18 | Create | Villager (Male) |
| 6:34 | Create | Fishing Ship |
| 6:34 | Create | Villager (Male) |
| 6:52 | Create | Villager (Male) |
| 7:01 | Research | Loom |
| 7:24 | Build | Palisade Wall |
| 7:25 | Build | Palisade Wall |
| 7:29 | Research | Feudal Age |
| 8:09 | Build | Mining Camp |
| 8:36 | Build | Dock |
| 8:41 | Build | Palisade Wall |
| 9:29 | Create | Villager (Male) |
| 9:38 | Build | Dock |
| 9:49 | Age | Feudal Age |
| 9:50 | Create | Fire Galley |
| 9:51 | Create | Fire Galley |
| 9:51 | Research | Double-Bit Axe |
| 9:55 | Build | Palisade Wall |
| 9:56 | Build | Palisade Wall |
| 9:57 | Build | Palisade Wall |
| 10:03 | Create | Villager (Male) |
| 10:05 | Build | Palisade Wall |
| 10:07 | Build | House |
| 10:32 | Create | Fire Galley |
| 10:36 | Create | Villager (Male) |
| 10:36 | Create | Villager (Male) |
| 10:38 | Build | House |
| 10:49 | Create | Unit 2626 |
| 10:50 | Create | Fire Galley |
| 10:56 | Build | House |
| 11:01 | Create | Villager (Male) |
| 11:06 | Create | Villager (Male) |
| 11:19 | Create | Unit 2626 |
| 11:26 | Create | Villager (Male) |
| 11:43 | Create | Unit 2626 |
| 11:44 | Create | Unit 2626 |
| 11:50 | Create | Fire Galley |
| 11:51 | Create | Fire Galley |
| 11:53 | Create | Villager (Male) |
| 11:55 | Build | House |
| 12:32 | Create | Fire Galley |
| 13:02 | Create | Villager (Male) |
| 13:26 | Create | Fishing Ship |
| 13:26 | Create | Unit 2626 |
| 13:27 | Create | Unit 2626 |
| 13:36 | Create | Villager (Male) |
| 13:37 | Create | Villager (Male) |
| 13:44 | Create | Unit 2626 |
| 13:49 | Create | Unit 2626 |
| 13:50 | Create | Unit 2626 |
| 14:18 | Create | Villager (Male) |
| 14:27 | Build | House |
| 14:28 | Build | Palisade Wall |
| 14:31 | Build | House |
| 14:33 | Build | Palisade Wall |
| 14:44 | Create | Fishing Ship |
| 14:45 | Create | Unit 2626 |
| 14:45 | Create | Unit 2626 |
| 14:45 | Create | Unit 2626 |
| 14:49 | Build | House |
| 15:01 | Create | Villager (Male) |
| 15:01 | Create | Villager (Male) |
| 15:14 | Create | Fire Galley |
| 15:15 | Build | House |
| 15:37 | Create | Unit 2626 |
| 15:53 | Create | Villager (Male) |
| 16:06 | Build | House |
| 16:08 | Create | Unit 2626 |
| 16:08 | Create | Unit 2626 |
| 16:08 | Create | Unit 2626 |
| 16:21 | Build | Mill |
| 16:35 | Create | Villager (Male) |
| 16:35 | Create | Villager (Male) |
| 16:37 | Build | Palisade Wall |
| 16:38 | Build | Palisade Wall |
| 16:51 | Build | Palisade Wall |
| 16:54 | Create | Unit 2626 |
| 16:54 | Create | Unit 2626 |
| 17:08 | Create | Villager (Male) |
| 17:09 | Build | Farm |
| 17:10 | Build | Farm |
| 17:11 | Build | Farm |
| 17:19 | Create | Unit 2626 |
| 17:27 | Create | Villager (Male) |
| 17:35 | Build | Farm |
| 17:36 | Build | Farm |
| 17:39 | Build | Palisade Wall |
| 17:40 | Build | Palisade Wall |
| 17:41 | Build | Palisade Wall |
| 17:42 | Build | Palisade Wall |
| 17:53 | Create | Villager (Male) |
| 18:16 | Create | Villager (Male) |
| 18:24 | Build | Farm |
| 18:25 | Build | Farm |
| 18:44 | Build | Farm |
| 18:46 | Build | Palisade Wall |
| 18:47 | Build | Palisade Wall |
| 18:50 | Build | Palisade Wall |
| 19:09 | Create | Villager (Male) |
| 19:11 | Build | Farm |
| 19:15 | Build | Palisade Wall |
| 19:26 | Build | Farm |
| 19:28 | Create | Villager (Male) |
| 19:50 | Create | Villager (Male) |
| 19:58 | Build | Market |
| 20:07 | Create | Villager (Male) |
| 20:12 | Build | House |
| 20:16 | Build | Farm |
| 20:46 | Create | Villager (Male) |
| 20:50 | Build | House |
| 21:05 | Build | Blacksmith |
| 21:20 | Create | Villager (Male) |
| 21:31 | Build | Lumber Camp |
| 21:49 | Research | Castle Age |
| 21:50 | Research | Castle Age |
| 22:02 | Build | Barracks |
| 22:41 | Build | Palisade Wall |
| 22:43 | Research | Gold Mining |
| 23:03 | Build | Archery Range |
| 23:06 | Build | Archery Range |
| 23:49 | Build | House |
| 23:50 | Build | Palisade Wall |
Build order — Oni.miguel
First 150 of 450 actions detected
| 0:01 | Create | Villager (Male) |
| 0:01 | Create | Villager (Male) |
| 0:03 | Build | House |
| 0:04 | Build | House |
| 0:18 | Create | Villager (Male) |
| 0:18 | Create | Villager (Male) |
| 1:31 | Create | Villager (Male) |
| 1:31 | Create | Villager (Male) |
| 1:33 | Build | Lumber Camp |
| 1:58 | Create | Villager (Male) |
| 2:32 | Create | Villager (Male) |
| 2:32 | Create | Villager (Male) |
| 2:55 | Create | Villager (Male) |
| 2:55 | Create | Villager (Male) |
| 3:11 | Build | House |
| 3:15 | Build | House |
| 3:19 | Create | Villager (Male) |
| 3:20 | Create | Villager (Male) |
| 3:44 | Create | Villager (Male) |
| 3:58 | Build | Dock |
| 4:03 | Create | Villager (Male) |
| 4:03 | Create | Villager (Male) |
| 4:29 | Create | Villager (Male) |
| 4:29 | Create | Villager (Male) |
| 4:38 | Build | Palisade Wall |
| 4:40 | Build | Palisade Wall |
| 4:41 | Create | Fishing Ship |
| 4:51 | Create | Villager (Male) |
| 5:07 | Build | House |
| 5:19 | Create | Villager (Male) |
| 5:24 | Create | Villager (Male) |
| 5:25 | Create | Fishing Ship |
| 5:25 | Create | Fishing Ship |
| 6:01 | Create | Fishing Ship |
| 6:04 | Create | Villager (Male) |
| 6:25 | Create | Villager (Male) |
| 6:32 | Build | House |
| 6:53 | Create | Fishing Ship |
| 7:08 | Create | Villager (Male) |
| 7:32 | Research | Feudal Age |
| 7:32 | Research | Feudal Age |
| 7:33 | Create | Fishing Ship |
| 8:12 | Build | Lumber Camp |
| 8:47 | Build | Barracks |
| 8:56 | Research | Loom |
| 8:57 | Research | Loom |
| 8:57 | Create | Villager (Male) |
| 9:04 | Create | Fishing Ship |
| 9:07 | Build | House |
| 9:43 | Age | Feudal Age |
| 9:44 | Create | Fishing Ship |
| 9:54 | Build | Stable |
| 10:05 | Research | Double-Bit Axe |
| 10:15 | Create | Villager (Male) |
| 10:21 | Build | Dock |
| 10:28 | Build | House |
| 10:36 | Create | Scout Cavalry |
| 10:37 | Create | Scout Cavalry |
| 10:41 | Research | Tech 906 |
| 10:41 | Research | Tech 906 |
| 10:53 | Create | Villager (Male) |
| 11:08 | Create | Fishing Ship |
| 11:13 | Build | House |
| 11:17 | Create | Fishing Ship |
| 11:20 | Create | Villager (Male) |
| 11:37 | Create | Scout Cavalry |
| 11:39 | Build | Stable |
| 11:44 | Create | Fishing Ship |
| 11:46 | Create | Villager (Male) |
| 11:52 | Create | Spearman |
| 12:08 | Build | House |
| 12:15 | Create | Fishing Ship |
| 12:17 | Create | Villager (Male) |
| 12:18 | Create | Scout Cavalry |
| 12:19 | Create | Scout Cavalry |
| 12:20 | Create | Villager (Male) |
| 12:33 | Build | House |
| 12:35 | Build | House |
| 12:38 | Create | Scout Cavalry |
| 12:38 | Create | Scout Cavalry |
| 12:44 | Create | Scout Cavalry |
| 12:54 | Build | Mill |
| 13:01 | Create | Scout Cavalry |
| 13:01 | Create | Scout Cavalry |
| 13:07 | Create | Fishing Ship |
| 13:07 | Create | Fishing Ship |
| 13:10 | Build | Fish Trap |
| 13:15 | Create | Scout Cavalry |
| 13:16 | Create | Villager (Male) |
| 13:18 | Create | Villager (Male) |
| 13:23 | Build | Mining Camp |
| 13:49 | Create | Villager (Male) |
| 13:54 | Build | Dock |
| 13:59 | Create | Fishing Ship |
| 13:59 | Create | Fishing Ship |
| 14:15 | Create | Villager (Male) |
| 14:24 | Create | Scout Cavalry |
| 14:24 | Create | Scout Cavalry |
| 14:27 | Create | Villager (Male) |
| 14:33 | Build | Fish Trap |
| 14:47 | Create | Villager (Male) |
| 14:49 | Build | Blacksmith |
| 15:01 | Create | Scout Cavalry |
| 15:09 | Build | House |
| 15:10 | Create | Villager (Male) |
| 15:19 | Research | Bloodlines |
| 15:19 | Research | Bloodlines |
| 15:24 | Create | Spearman |
| 15:39 | Research | Forging |
| 15:40 | Research | Forging |
| 15:41 | Create | Villager (Male) |
| 15:43 | Build | Mining Camp |
| 16:11 | Create | Scout Cavalry |
| 16:16 | Create | Scout Cavalry |
| 16:19 | Create | Scout Cavalry |
| 16:19 | Create | Villager (Male) |
| 16:22 | Create | Fishing Ship |
| 16:22 | Create | Fishing Ship |
| 16:22 | Create | Fishing Ship |
| 16:23 | Create | Fishing Ship |
| 16:32 | Create | Scout Cavalry |
| 16:45 | Create | Spearman |
| 16:48 | Create | Scout Cavalry |
| 16:49 | Create | Villager (Male) |
| 16:49 | Create | Villager (Male) |
| 16:50 | Build | House |
| 16:51 | Build | House |
| 16:52 | Build | House |
| 17:20 | Create | Fishing Ship |
| 17:20 | Create | Fishing Ship |
| 17:21 | Create | Fishing Ship |
| 17:23 | Build | Fish Trap |
| 17:25 | Build | Fish Trap |
| 17:28 | Build | Fish Trap |
| 17:35 | Create | Villager (Male) |
| 17:40 | Build | Lumber Camp |
| 17:45 | Create | Scout Cavalry |
| 18:22 | Create | Fishing Ship |
| 18:24 | Build | Fish Trap |
| 18:26 | Build | Fish Trap |
| 18:45 | Research | Castle Age |
| 18:45 | Research | Castle Age |
| 18:51 | Build | Fish Trap |
| 18:54 | Build | Fish Trap |
| 19:01 | Research | Scale Barding Armor |
| 19:01 | Research | Scale Barding Armor |
| 19:17 | Build | Fish Trap |
| 19:22 | Create | Scout Cavalry |
| 19:22 | Create | Scout Cavalry |
| 19:22 | Create | Scout Cavalry |
Match timeline
| 3:45 | Oni.Vinchester · first_building Dock |
| 3:46 | Oni.Vinchester · wall_segment Palisade Wall x1 |
| 3:47 | Oni.Vinchester · wall_segment Palisade Wall x1 |
| 3:49 | Oni.Vinchester · wall_segment Palisade Wall x1 |
| 3:52 | Oni.Lewis · wall_segment Palisade Wall x1 |
| 3:54 | Oni.TaToH · first_building Dock |
| 3:54 | Oni.TaToH · wall_segment Palisade Wall x1 |
| 3:55 | Oni.TaToH · wall_segment Palisade Wall x1 |
| 3:58 | Oni.miguel · first_building Dock |
| 4:08 | Oni.Kingstone · first_building Dock |
| 4:10 | Oni.Kingstone · wall_segment Palisade Wall x1 |
| 4:12 | Oni.FreakinAndy · first_building Dock |
| 4:12 | Oni.Kingstone · wall_segment Palisade Wall x1 |
| 4:18 | Oni.FreakinAndy · wall_segment Palisade Wall x1 |
| 4:20 | Oni.FreakinAndy · wall_segment Palisade Wall x1 |
| 4:21 | Oni.FreakinAndy · wall_segment Palisade Wall x1 |
| 4:22 | Oni.FreakinAndy · wall_segment Palisade Wall x1 |
| 4:22 | Oni.FreakinAndy · wall_segment Palisade Wall x1 |
| 4:23 | Oni.FreakinAndy · wall_segment Palisade Wall x1 |
| 4:34 | Oni.FreakinAndy · wall_segment Palisade Wall x1 |
| 4:35 | Oni.Lewis · first_building Dock |
| 4:35 | Oni.FreakinAndy · wall_segment Palisade Wall x1 |
| 4:36 | Oni.FreakinAndy · wall_segment Palisade Wall x1 |
| 4:38 | Oni.miguel · wall_segment Palisade Wall x1 |
| 4:40 | Oni.miguel · wall_segment Palisade Wall x1 |
| 4:40 | wR.ACCM · first_building Dock |
| 4:47 | wR.ACCM · wall_segment Palisade Wall x1 |
| 4:48 | wR.ACCM · wall_segment Palisade Wall x1 |
| 5:11 | Oni.FreakinAndy · wall_segment Palisade Wall x1 |
| 5:12 | Oni.Lewis · wall_segment Palisade Wall x1 |
| 5:14 | Oni.Lewis · wall_segment Palisade Wall x1 |
| 5:23 | Oni.dogao · first_building Dock |
| 7:24 | Oni.Kingstone · wall_segment Palisade Wall x3 |
| 7:25 | Oni.Kingstone · wall_segment Palisade Wall x11 |
| 8:12 | Oni.Vinchester · wall_segment Palisade Wall x1 |
| 8:13 | Oni.Vinchester · wall_segment Palisade Wall x1 |
| 8:35 | Oni.TaToH · wall_segment Palisade Wall x1 |
| 8:41 | Oni.Kingstone · wall_segment Palisade Wall x1 |
| 8:47 | Oni.miguel · first_building Barracks |
| 8:55 | Oni.dogao · wall_segment Palisade Wall x1 |
| 9:17 | Oni.Lewis · wall_segment Palisade Wall x12 |
| 9:22 | Oni.TaToH · wall_segment Palisade Wall x1 |
| 9:24 | Oni.Vinchester · age_up feudal |
| 9:25 | Oni.TaToH · wall_segment Palisade Wall x1 |
| 9:26 | Oni.TaToH · wall_segment Palisade Wall x4 |
| 9:34 | Oni.FreakinAndy · wall_segment Palisade Wall x1 |
| 9:35 | Oni.FreakinAndy · wall_segment Palisade Wall x1 |
| 9:43 | Oni.dogao · wall_segment Palisade Wall x2 |
| 9:43 | Oni.miguel · age_up feudal |
| 9:44 | Oni.TaToH · wall_segment Palisade Wall x4 |
| 9:46 | Oni.TaToH · wall_segment Palisade Wall x1 |
| 9:49 | Oni.TaToH · wall_segment Palisade Wall x1 |
| 9:49 | Oni.Kingstone · age_up feudal |
| 9:49 | Oni.TaToH · wall_segment Palisade Wall x1 |
| 9:51 | Oni.dogao · first_building Barracks |
| 9:51 | wR.ACCM · age_up feudal |
| 9:54 | Oni.miguel · first_building Stable |
| 9:55 | Oni.Kingstone · wall_segment Palisade Wall x1 |
| 9:56 | Oni.Kingstone · wall_segment Palisade Wall x1 |
| 9:57 | Oni.Kingstone · wall_segment Palisade Wall x1 |
| 10:01 | Oni.FreakinAndy · age_up feudal |
| 10:03 | Oni.TaToH · wall_segment Palisade Wall x1 |
| 10:03 | Oni.TaToH · wall_segment Palisade Wall x1 |
| 10:03 | Oni.TaToH · wall_segment Palisade Wall x1 |
| 10:05 | Oni.TaToH · wall_segment Palisade Wall x1 |
| 10:05 | Oni.Kingstone · wall_segment Palisade Wall x7 |
| 10:09 | Oni.Lewis · first_building Barracks |
| 10:23 | wR.ACCM · wall_segment Palisade Wall x1 |
| 10:23 | Oni.Lewis · wall_segment Palisade Wall x1 |
| 10:24 | Oni.TaToH · wall_segment Palisade Wall x1 |
| 10:25 | Oni.TaToH · wall_segment Palisade Wall x1 |
| 10:29 | wR.ACCM · wall_segment Palisade Wall x1 |
| 10:37 | Oni.Lewis · wall_segment Palisade Wall x10 |
| 10:48 | Oni.dogao · age_up feudal |
| 10:52 | wR.ACCM · wall_segment Palisade Wall x7 |
| 10:53 | wR.ACCM · wall_segment Palisade Wall x2 |
| 10:58 | Oni.Lewis · age_up feudal |
| 10:59 | Oni.Lewis · wall_segment Palisade Wall x1 |
| 11:00 | Oni.Lewis · first_building Stable |
| 11:06 | Oni.dogao · first_building Stable |
| 11:16 | Oni.dogao · wall_segment Palisade Wall x5 |
| 11:21 | Oni.TaToH · age_up feudal |
| 11:32 | Oni.FreakinAndy · wall_segment Palisade Wall x1 |
| 11:33 | Oni.FreakinAndy · wall_segment Palisade Wall x1 |
| 11:34 | Oni.FreakinAndy · wall_segment Palisade Wall x1 |
| 11:40 | Oni.Lewis · wall_segment Palisade Wall x11 |
| 11:41 | Oni.Lewis · wall_segment Palisade Wall x2 |
| 11:48 | Oni.TaToH · wall_segment Palisade Wall x1 |
| 11:49 | Oni.FreakinAndy · wall_segment Palisade Wall x1 |
| 11:51 | Oni.Lewis · wall_segment Palisade Wall x1 |
| 11:51 | Oni.Lewis · wall_segment Palisade Wall x1 |
| 12:25 | Oni.TaToH · first_market_sell 100 stone |
| 12:35 | Oni.Lewis · wall_segment Palisade Wall x8 |
| 12:40 | wR.ACCM · wall_segment Palisade Wall x1 |
| 13:13 | Oni.TaToH · wall_segment Palisade Wall x6 |
| 13:27 | Oni.TaToH · wall_segment Palisade Wall x1 |
| 13:28 | Oni.TaToH · wall_segment Palisade Wall x1 |
| 13:32 | Oni.TaToH · wall_segment Palisade Wall x1 |
| 13:33 | Oni.TaToH · wall_segment Palisade Wall x1 |
| 13:34 | Oni.TaToH · wall_segment Palisade Wall x1 |
| 13:40 | Oni.TaToH · wall_segment Palisade Wall x1 |
| 13:40 | Oni.TaToH · wall_segment Palisade Wall x1 |
| 13:40 | Oni.TaToH · wall_segment Palisade Wall x1 |
| 13:56 | wR.ACCM · wall_segment Palisade Wall x9 |
| 14:01 | Oni.dogao · first_building Archery Range |
| 14:28 | Oni.Kingstone · wall_segment Palisade Wall x1 |
| 14:33 | Oni.Kingstone · wall_segment Palisade Wall x1 |
| 14:43 | wR.ACCM · wall_segment Palisade Wall x9 |
| 14:59 | Oni.Vinchester · wall_segment Stone Wall x4 |
| 15:01 | Oni.Vinchester · wall_segment Stone Wall x15 |
| 15:02 | Oni.Vinchester · wall_segment Stone Wall x2 |
| 15:09 | Oni.Vinchester · wall_segment Stone Wall x6 |
| 15:10 | Oni.Vinchester · wall_segment Stone Wall x5 |
| 15:16 | Oni.TaToH · age_up castle |
| 15:19 | Oni.TaToH · first_building Castle |
| 15:20 | Oni.TaToH · wall_segment Palisade Wall x1 |
| 15:23 | Oni.TaToH · wall_segment Palisade Wall x1 |
| 15:23 | Oni.TaToH · wall_segment Palisade Wall x1 |
| 15:31 | Oni.TaToH · first_building Monastery |
| 15:52 | Oni.FreakinAndy · wall_segment Palisade Wall x1 |
| 16:02 | Oni.Vinchester · wall_segment Stone Wall x9 |
| 16:23 | Oni.Vinchester · wall_segment Stone Wall x5 |
| 16:37 | Oni.Kingstone · wall_segment Palisade Wall x1 |
| 16:38 | Oni.Kingstone · wall_segment Palisade Wall x1 |
| 16:41 | Oni.TaToH · wall_segment Palisade Wall x1 |
| 16:42 | Oni.TaToH · wall_segment Palisade Wall x1 |
| 16:43 | Oni.TaToH · wall_segment Palisade Wall x1 |
| 16:44 | Oni.TaToH · wall_segment Palisade Wall x1 |
| 16:48 | Oni.TaToH · wall_segment Palisade Wall x1 |
| 16:51 | Oni.Kingstone · wall_segment Palisade Wall x1 |
| 17:13 | Oni.dogao · age_up castle |
| 17:13 | Oni.Vinchester · wall_segment Stone Wall x4 |
| 17:26 | wR.ACCM · wall_segment Palisade Wall x1 |
| 17:39 | Oni.Kingstone · wall_segment Palisade Wall x5 |
| 17:39 | Oni.TaToH · first_building Barracks |
| 17:40 | Oni.Vinchester · wall_segment Stone Wall x3 |
| 17:40 | Oni.Kingstone · wall_segment Palisade Wall x4 |
| 17:41 | Oni.Kingstone · wall_segment Palisade Wall x4 |
| 17:42 | Oni.Kingstone · wall_segment Palisade Wall x7 |
| 17:48 | Oni.Vinchester · wall_segment Stone Wall x1 |
| 17:51 | Oni.FreakinAndy · first_market_buy 100 food |
| 17:57 | Oni.FreakinAndy · wall_segment Palisade Wall x1 |
| 18:29 | Oni.TaToH · first_building Stable |
| 18:46 | Oni.Kingstone · wall_segment Palisade Wall x1 |
| 18:47 | Oni.Kingstone · wall_segment Palisade Wall x1 |
| 18:50 | Oni.Kingstone · wall_segment Palisade Wall x1 |
| 19:10 | Oni.Lewis · first_market_buy 500 food |
| 19:11 | Oni.Lewis · first_market_sell 500 wood |
| 19:15 | Oni.Kingstone · wall_segment Palisade Wall x1 |
| 19:43 | Oni.TaToH · first_market_buy 100 food |
| 20:16 | Oni.Lewis · wall_segment Stone Wall x1 |
| 20:41 | Oni.Vinchester · first_market_sell 100 stone |
| 20:43 | Oni.Vinchester · first_market_buy 100 wood |
| 20:46 | Oni.FreakinAndy · age_up castle |
| 21:06 | Oni.Kingstone · first_market_buy 100 food |
| 21:11 | Oni.Kingstone · first_market_sell 100 stone |
| 21:25 | Oni.miguel · age_up castle |
| 21:26 | Oni.FreakinAndy · wall_segment Stone Wall x5 |
| 21:33 | Oni.FreakinAndy · wall_segment Stone Wall x4 |
| 21:35 | Oni.FreakinAndy · first_building Monastery |
| 21:48 | wR.ACCM · wall_segment Palisade Wall x1 |
| 22:02 | Oni.Kingstone · first_building Barracks |
| 22:11 | Oni.Lewis · wall_segment Palisade Wall x1 |
| 22:25 | Oni.Vinchester · first_building Barracks |
| 22:41 | Oni.Kingstone · wall_segment Palisade Wall x1 |
| 23:00 | wR.ACCM · first_market_sell 500 stone |
| 23:01 | Oni.Lewis · age_up castle |
| 23:01 | wR.ACCM · first_market_buy 100 food |
| 23:03 | Oni.Kingstone · first_building Archery Range |
| 23:11 | Oni.Lewis · wall_segment Palisade Wall x1 |
| 23:11 | Oni.Lewis · wall_segment Palisade Wall x1 |
| 23:30 | Oni.Lewis · first_building Monastery |
| 23:31 | Oni.Vinchester · first_building Archery Range |
| 23:50 | Oni.Kingstone · wall_segment Palisade Wall x4 |
| 24:18 | Oni.Kingstone · wall_segment Palisade Wall x1 |
| 24:26 | Oni.Vinchester · age_up castle |
| 24:29 | Oni.Kingstone · age_up castle |
| 24:31 | Oni.Kingstone · first_building Siege Workshop |
| 26:11 | Oni.FreakinAndy · first_building Siege Workshop |
| 26:39 | wR.ACCM · wall_segment Palisade Wall x1 |
| 26:45 | Oni.FreakinAndy · first_market_sell 100 wood |
| 26:54 | Oni.dogao · first_building Castle |
| 27:14 | wR.ACCM · first_building Barracks |
| 27:30 | wR.ACCM · wall_segment Palisade Wall x1 |
| 27:32 | wR.ACCM · wall_segment Palisade Wall x1 |
| 27:34 | wR.ACCM · wall_segment Palisade Wall x1 |
| 27:39 | Oni.Vinchester · first_building Castle |
| 28:21 | wR.ACCM · wall_segment Palisade Wall x1 |
| 28:46 | wR.ACCM · age_up castle |
| 29:17 | Oni.dogao · first_market_sell 100 food |
| 29:28 | Oni.miguel · wall_segment Palisade Wall x1 |
| 29:30 | wR.ACCM · first_building Monastery |
| 30:12 | Oni.FreakinAndy · first_building Castle |
| 30:31 | Oni.miguel · wall_segment Stone Wall x1 |
| 31:16 | Oni.miguel · first_market_buy 100 food |
| 31:19 | Oni.miguel · first_market_sell 100 wood |
| 31:52 | wR.ACCM · first_building Siege Workshop |
| 32:34 | Oni.dogao · age_up imperial |
| 34:19 | Oni.TaToH · age_up imperial |
| 34:35 | Oni.dogao · first_market_buy 100 food |
| 34:43 | Oni.Vinchester · age_up imperial |
| 35:59 | Oni.dogao · first_building Siege Workshop |
| 38:12 | Oni.Lewis · first_building Castle |
| 38:28 | Oni.Vinchester · tribute_sent a jugador 2 |
| 38:28 | Oni.Vinchester · tribute_sent a jugador 3 |
| 38:28 | Oni.Vinchester · tribute_sent a jugador 4 |
| 38:28 | Oni.Vinchester · tribute_sent a jugador 5 |
| 38:28 | Oni.Vinchester · tribute_sent a jugador 6 |
| 38:28 | Oni.Vinchester · tribute_sent a jugador 7 |
| 38:28 | Oni.Vinchester · tribute_sent a jugador 8 |
| 38:57 | Oni.miguel · first_building Monastery |
| 39:10 | Oni.Kingstone · resign |
[ AI ANALYSIS · 1 CREDIT ]
What really happened in this match?
Wolo.gg analyzes every decision: build order, eco, micro, common mistakes by bracket. Personalized analysis on WhatsApp or Discord in 30 seconds.
Civ guide
Armenians
Perfil
Jugador #8793414